 Dungeon Crawl Stone Soup version 0.30-a0-161-gdd60e06945 (webtiles) character file.

Game seed: 14308401984614819174

25 qw the Shield-Bearer (level 3, -3/23 HPs)
             Began as a Gargoyle Fighter on Sept 27, 2022.
             Slain by Natasha (4 damage)
             ... on level 2 of the Dungeon.
             The game lasted 00:00:15 (976 turns).

qw the Shield-Bearer (Gargoyle Fighter)              Turns: 976, Time: 00:00:16

Health: -3/23      AC: 10    Str: 21    XL:     3   Next: 6%
Magic:  3/3        EV:  9    Int:  8    God:
Gold:   70         SH:  4    Dex:  9    Spells: 2/2 levels left

rFire   . . .      SeeInvis .    Y - +0 war axe
rCold   . . .      Faith    .    c - +0 buckler
rNeg    + . .      Spirit   .    b - +0 scale mail
rPois   inf        Reflect  .    (no helmet)
rElec   +          Harm     .    (no cloak)
rCorr   .          Rampage  .    (no gloves)
Will    .....                    (no boots)
Stlth   ..........               (no amulet)
HPRegen 0.07/turn                (no ring)
MPRegen 0.08/turn                (no ring)

@: slowed, very slow
A: sickness immunity, AC +3, negative energy resistance 1, electricity
resistance, torment resistance 1, petrification resistance
a: no special abilities


You were on level 2 of the Dungeon.
You visited 1 branch of the dungeon, and saw 2 of its levels.

You collected 70 gold pieces.


Innate Abilities, Weirdness & Mutations

You are immune to sickness and miasma.
Your stone body is resilient. (AC +3)
You are immune to poison.
You resist negative energy. (rN+)
You are resistant to electric shocks. (rElec)
You are resistant to unholy torment.
You are immune to petrification.


   Skills:
 - Level 3.2 Fighting
 - Level 3.0 Axes
 + Level 0.5 Throwing
 - Level 3.2 Armour
 - Level 3.2 Shields


You had 2 spell levels left.
You didn't know any spells.
Your spell library was empty.

Inventory:

Hand Weapons
 Y - a +0 war axe (weapon)
Missiles
 k - a javelin (quivered)
Armour
 b - a +0 scale mail (worn)
 c - a +0 buckler (worn)
Scrolls
 a - 2 scrolls of enchant weapon {unknown}
Potions
 d - a potion of might
 e - a potion of heal wounds {unknown}
 h - a potion of degeneration {unknown}
 i - a potion of ambrosia {unknown}
 j - a potion of lignification {unknown}

Dungeon Overview and Level Annotations

Branches:
Dungeon (2/15)

Altars:

Annotations:
D:2 Natasha


Message History

You closely miss the goblin. You block the goblin's attack.
The goblin closely misses you.
Natasha mumbles some strange words.
You hit the goblin but do no damage. You block the goblin's attack.
You hit the goblin.
You kill the goblin!
Natasha zaps a wand.
You resist with significant effort.
Natasha mumbles some strange words.
Things that are here:
a +0 club; a goblin corpse You closely miss Natasha.
You barely miss the white imp.
Natasha stares at you and mumbles some strange words.
The magic dart hits you.
The white imp hits you but does no damage.
You block Natasha's attack.
You hit Natasha but do no damage. You barely miss the white imp.
The white imp gestures at you.
The puff of frost hits you but does no damage.
Natasha claws you.
You completely miss Natasha. You hit the white imp.
The white imp hits you but does no damage.
Natasha claws you but does no damage. You block the white imp's attack.
Natasha stares at you and mumbles some strange words.
The magic dart hits you but does no damage.
You hit the white imp but do no damage.
The white imp is lightly wounded.
You barely miss Natasha. The white imp gestures at you.
The puff of frost hits you!
Ouch! That really hurt!
Natasha casts a spell at you.
You feel yourself slow down.
You closely miss the white imp.
The white imp is lightly wounded.
You slash Natasha!
Natasha seems less brilliant.
The white imp hits you but does no damage.
Natasha claws you. You block the white imp's attack. Natasha claws you.
You die...

..# #.# #.#
#.# #.# #5#
#h# #@# #5#
#.# #.##
#..##
.######...##
...........#
.######...##
#..##


You could see an iron imp (summoned), Natasha and a white imp (summoned).

Vanquished Creatures
  A ball python (D:1)
  2 bats (D:1)
  3 endoplasms (D:1)
  2 giant cockroaches (D:1)
  2 goblins
  A hobgoblin (D:1)
  3 jackals (D:1)
  4 kobolds (D:1)
  A quokka (D:1)
  2 rats (D:1)
21 creatures vanquished.

Notes
Turn   | Place    | Note
-------+----------+-------------------------------------------
     0 | D:1      | qw the Gargoyle Fighter began the quest for the Orb.
     0 | D:1      | Reached XP level 1. HP: 14/14 MP: 1/1
     0 | D:1      | 0 ||| qw: Version: 0.2-a-10-g37ed214
     0 | D:1      | 0 ||| qw: Game counter: 650
     0 | D:1      | 0 ||| qw: Always use a shield: true
     0 | D:1      | 0 ||| qw: God list: Okawaru
     0 | D:1      | 0 ||| qw: Allow faded altars: false
     0 | D:1      | 0 ||| qw: Do Orc after D:15 true
     0 | D:1      | 0 ||| qw: Do second Lair branch before Depths: true
     0 | D:1      | 0 ||| qw: Lair rune preference: random
     0 | D:1      | 0 ||| qw: Plans: Normal, Zot:1-4, God:TSO, Crypt, Tomb,
                  | Pan, Slime:5, Hells, Abyss, Orb
     0 | D:1      | 0 ||| PLANNING D:1-11
    70 | D:1      | 70 ||| Stepping ~*~*~tactically~*~*~ (stealth).
    71 | D:1      | 71 ||| Stepping ~*~*~tactically~*~*~ (stealth).
    89 | D:1      | Reached XP level 2. HP: 9/19 MP: 2/2
   398 | D:1      | 398 ||| Stepping ~*~*~tactically~*~*~ (stealth).
   511 | D:1      | Reached skill level 3 in Axes
   607 | D:1      | Reached XP level 3. HP: 14/23 MP: 3/3
   874 | D:1      | 874 ||| READING scroll labelled GESAEZ YRPHIGATU.
   875 | D:1      | 875 ||| READING 2 scrolls labelled OLEISYLOCI.
   876 | D:1      | 876 ||| READING scroll labelled OPOSEU UMAMINO.
   877 | D:1      | 877 ||| READING 2 scrolls labelled QESHIBB TIOWOI.
   923 | D:1      | 923 ||| DROPPING scroll of amnesia.
   924 | D:1      | 924 ||| DROPPING scroll of torment.
   964 | D:2      | Noticed Natasha
   975 | D:2      | HP: 3/23 [white imp/puff of frost[Natasha] (13)]
   976 | D:2      | HP: 1/23 [Natasha (3)]
   976 | D:2      | Slain by Natasha

Levels and vault maps discovered:
D:1:      nzn_arrival_crosshair, layout_basic, minmay_crystal_room,
          kennysheep_another_room, grunt_decor_clamped
D:2:      layout_loops_ring, uniq_robin, uniq_natasha

Skill      XL: |  1  2 |
---------------+-------+-----
Axes           | 2 3 |  3.0
Fighting       | |  3.2
Throwing       | |  0.5
Armour         | |  3.2
Shields        | |  3.2

Action                   || total
-------------------------++-------
Melee: War axe           ||    48
Throw: Javelin           ||    14
  Use: Scroll            ||     4
Armor: Scale mail        ||    34
Dodge: Dodged            ||    21
Block: Buckler           ||    15

Table legend:
 A = Non-vault XP
 B = Vault XP
 C = Vault XP percentage of total XP
 D = Non-vault monster count
 E = Vault monster count
 F = Vault count percentage of total count
                 A         B        C        D         E       F
            +---------+---------+-------+---------+---------+-------
      Total |      37 |       0 |   0.0 |      21 |       0 |   0.0
            +---------+---------+-------+---------+---------+-------
        D:1 |      36 |       0 |   0.0 |      20 |       0 |   0.0
        D:2 |       1 |       0 |   0.0 |       1 |       0 |   0.0
            +---------+---------+-------+---------+---------+-------
